General information
- name: BNet
- type: Ladder 1vs1/FFA
- host: Battle.net
- saver: schmitty9800
map: EchoIsles
- players: 2
- length: 15:25
- speed: Fast
- version: 1.21 W3XP
- replay type: Public
» download(68 KB)
Players
team 1 (loser)
mew4 (
orange | 170 APM | 2623 actions | 15:23)
3 Blademaster
2 Wind Walk
1 Critical Strike
3 Shadow Hunter
2 Healing Wave
1 Hex
» actions
| Assign group hotkey | 34 | |
| Basic commands | 21 | |
| Build / train | 59 | |
| ESC pressed | 5 | |
| Enter build submenu | 16 | |
| Enter hero's abilities submenu | 6 | |
| Give item / drop item | 4 | |
| Right click | 1278 | |
| Select / deselect | 462 | |
| Select group hotkey | 624 | |
| Use ability | 114 | |
2623 total
» units
| Peon | 11 | |
| Grunt | 6 | |
| Spirit Walker | 3 | |
| Raider | 3 | |
| Wind Rider | 1 | |
| Troll Witch Doctor | 2 | |
26 total
» upgrades
| Spirit Walker Training | 1 | |
| Ensnare | 1 | |
| Berserker Strength | 1 | |
3 total
» buildings
| Altar of Storms | 1 | |
| Orc Burrow | 9 | |
| Barracks | 1 | |
| Voodoo Lounge | 1 | |
| Stronghold | 3 | |
| Beastiary | 1 | |
| Spirit Lodge | 1 | |
| Fortress | 2 | |
19 total
» build order
00:06 Altar of Storms
00:10 Orc Burrow
00:40 Barracks
01:28 Orc Burrow
01:57 Voodoo Lounge
02:47 Orc Burrow
03:43 Stronghold
03:43 Stronghold
04:38 Orc Burrow
04:48 Orc Burrow
07:08 Beastiary
07:12 Spirit Lodge
08:58 Orc Burrow
11:17 Orc Burrow
12:03 Orc Burrow
12:06 Orc Burrow
12:11 Fortress
12:12 Fortress
» items
| Healing Salve | 5 | |
| Lesser Clarity Potion | 5 | |
| Boots of Speed | 1 | |
| Scroll of Speed | 1 | |
| Potion of Healing | 1 | |
| Potion of Lesser Invulnerability | 1 | |
| Staff of Teleportation | 1 | |
15 total
team 2 (winner)

»
schmitty9800 (
purple | 144 APM | 2221 actions | 15:25)
3 Far Seer
2 Feral Spirit
1 Chain Lighting
3 Naga Sea Witch
2 Frost Arrows
1 Forked Lightning
» actions
| Assign group hotkey | 35 | |
| Basic commands | 74 | |
| Build / train | 48 | |
| Enter build submenu | 14 | |
| Enter hero's abilities submenu | 7 | |
| Right click | 788 | |
| Select / deselect | 230 | |
| Select group hotkey | 962 | |
| Use ability | 63 | |
2221 total
» units
| Peon | 9 | |
| Grunt | 6 | |
| Raider | 2 | |
| Spirit Walker | 2 | |
| Troll Witch Doctor | 2 | |
| Troll Batrider | 2 | |
| Kodo Beast | 1 | |
24 total
» upgrades
| Berserker Strength | 1 | |
| Ensnare | 1 | |
| Spirit Walker Training | 1 | |
| Witch Doctor Training | 2 | |
| Liquid Fire | 1 | |
| Reinforced Defenses | 1 | |
| Armor | 1 | |
| Pillage | 1 | |
9 total
» buildings
| Altar of Storms | 1 | |
| Orc Burrow | 7 | |
| Barracks | 1 | |
| Stronghold | 1 | |
| Voodoo Lounge | 1 | |
| Beastiary | 1 | |
| Spirit Lodge | 1 | |
| Fortress | 1 | |
| War Mill | 1 | |
| Tauren Totem | 1 | |
16 total
» build order
00:11 Altar of Storms
00:23 Orc Burrow
00:41 Barracks
01:35 Orc Burrow
03:07 Stronghold
03:52 Orc Burrow
04:02 Voodoo Lounge
05:43 Beastiary
05:45 Spirit Lodge
07:07 Orc Burrow
08:49 Fortress
09:35 Orc Burrow
09:37 War Mill
12:03 Tauren Totem
12:45 Orc Burrow
13:36 Orc Burrow
» items
| Healing Salve | 2 | |
| Lesser Clarity Potion | 1 | |
| Scroll of Speed | 1 | |
| Dust of Appearance | 1 | |
5 total
Chat log
(00:59 / All) schmitty9800: glhf
(01:10 / All) mew4: mmhmm
(05:57 / All) mew4: faggot
(11:14 / All) mew4: fucking pussy
(15:23 / All) mew4: fucking random pussy